BR
ONTARIO EMUS @ SAN PABLO DE LAS SALINAS DOCTORS
07/21/2026
 
TOP OF THE 1ST
Ontario Emus batting - Pitching for San Pablo de las Salinas Doctors : LHP Juan Rodríguez
Pitching: LHP Juan Rodríguez
Batting: RHB Álex Ochoa 0-0: Ball
1-0: Foul Ball, location: 2F
1-1: Swinging Strike
1-2: Ball
2-2: Foul Ball, location: 2F
2-2: Strikes out looking
Batting: RHB Júlio Colón 0-0: Called Strike
0-1: Ball
1-1: Ball
2-1: Ball
3-1: Base on Balls
Batting: RHB Pablo Díaz 0-0: Ball
1-0: Called Strike
1-1: Ball
2-1: Fly out, F8 (Flyball, 8LXD)
Batting: RHB Gustavo Medine 0-0: SINGLE (Line Drive, 7S)
Júlio Colón to second
Batting: RHB Álex Martínez 0-0: Called Strike
0-1: Called Strike
0-2: Strikes out swinging
Top of the 1st over - 0 run(s), 1 hit(s), 0 error(s), 2 left on base; Ontario 0 - San Pablo de las Salinas 0
BOTTOM OF THE 1ST
San Pablo de las Salinas Doctors batting - Pitching for Ontario Emus : RHP Claudio Romero
Pitching: RHP Claudio Romero
Batting: SHB Jorge Maldonado 0-0: Foul Ball, location: 2F
0-1: Ball
1-1: Foul Ball, location: 2F
1-2: Ball
2-2: Foul Ball, location: 2F
2-2: Ball
3-2: Ground out 6-3 (Groundball, 6M)
Batting: SHB José Vélez 0-0: Ball
1-0: SINGLE (Line Drive, 6M)
Batting: RHB Luis Samaripa 0-0: Ball
1-0: Called Strike
1-1: Ball
Wild Pitch!
José Vélez to second
2-1: Called Strike
2-2: Foul Ball, location: 2F
2-2: Foul Ball, location: 2F
2-2: Foul Ball, location: 2F
2-2: Ball
3-2: Foul Ball, location: 2F
3-2: Fly out, F2 (Popup, 2LF)
Batting: RHB John Jones 0-0: Called Strike
0-1: Called Strike
0-2: Strikes out looking
Bottom of the 1st over - 0 run(s), 1 hit(s), 0 error(s), 1 left on base; Ontario 0 - San Pablo de las Salinas 0
TOP OF THE 2ND
Ontario Emus batting - Pitching for San Pablo de las Salinas Doctors : LHP Juan Rodríguez
Batting: LHB Dave Raines 0-0: Ball
1-0: Called Strike
1-1: Ball
2-1: Fly out, F8 (Flyball, 8LM)
Batting: RHB Bob Corrigan 0-0: SINGLE (Groundball, 25) (infield hit)
Batting: LHB Elvin Summers 0-0: Ball
1-0: SINGLE (Groundball, 34D)
Bob Corrigan to second
Runner from 2nd tries for 3rd, SAFE, no throw or cutoff
Batting: RHB Bill Bourland 0-0: Ball
1-0: SINGLE (Groundball, 15S) (infield hit)
Bob Corrigan scores
Elvin Summers to second
Batting: RHB Álex Ochoa 0-0: Called Strike
Elvin Summers steals 3rd base
Bill Bourland to second
0-1: Called Strike
0-2: Ground out 6-3 (Groundball, 6)
Elvin Summers scores
Bill Bourland to third
Batting: RHB Júlio Colón 0-0: Swinging Strike
0-1: Called Strike
0-2: Ball
1-2: Fly out, F9 (Flyball, 89S)
Top of the 2nd over - 2 run(s), 3 hit(s), 0 error(s), 1 left on base; Ontario 2 - San Pablo de las Salinas 0
BOTTOM OF THE 2ND
San Pablo de las Salinas Doctors batting - Pitching for Ontario Emus : RHP Claudio Romero
Batting: LHB Stéphane Labat 0-0: Called Strike
0-1: Ball
1-1: Foul Ball, location: 2F
1-2: Strikes out swinging
Batting: RHB Luis López 0-0: Ball
1-0: Called Strike
1-1: Ball
2-1: Foul Ball, location: 2F
2-2: Foul Ball, location: 2F
2-2: Ball
3-2: Foul Ball, location: 2F
3-2: Ground out 4-3 (Groundball, 4)
Batting: RHB Sandro Hernández 0-0: Ball
1-0: SINGLE (Line Drive, 4)
Batting: LHB Julián Díaz 0-0: Ball
1-0: DOUBLE (Line Drive, 78M)
Sandro Hernández to third
Runner from 3rd tries for Home, SAFE, no throw or cutoff
Batting: SHB Jorge Aguilar 0-0: Ground out U3 (Groundball, 3)
Bottom of the 2nd over - 1 run(s), 2 hit(s), 0 error(s), 1 left on base; Ontario 2 - San Pablo de las Salinas 1
TOP OF THE 3RD
Ontario Emus batting - Pitching for San Pablo de las Salinas Doctors : LHP Juan Rodríguez
Batting: RHB Pablo Díaz 0-0: Fly out, F9 (Flyball, 9LSF)
Batting: RHB Gustavo Medine 0-0: Ball
1-0: Foul Ball, location: 2F
1-1: Foul Ball, location: 2F
1-2: Strikes out swinging
Batting: RHB Álex Martínez 0-0: Ball
1-0: Called Strike
1-1: Swinging Strike
1-2: Fly out, F8 (Line Drive, 8RM)
Top of the 3rd over - 0 run(s), 0 hit(s), 0 error(s), 0 left on base; Ontario 2 - San Pablo de las Salinas 1
BOTTOM OF THE 3RD
San Pablo de las Salinas Doctors batting - Pitching for Ontario Emus : RHP Claudio Romero
Batting: SHB Jorge Maldonado 0-0: Called Strike
0-1: Ball
1-1: Ball
2-1: Bunted foul
2-2: Ball
3-2: Ground out 1-3 (Groundball, 15)
Batting: SHB José Vélez 0-0: Fly out, F8 (Line Drive, 89M)
Batting: RHB Luis Samaripa 0-0: Ground out 4-3 (Groundball, 13)
Bottom of the 3rd over - 0 run(s), 0 hit(s), 0 error(s), 0 left on base; Ontario 2 - San Pablo de las Salinas 1
TOP OF THE 4TH
Ontario Emus batting - Pitching for San Pablo de las Salinas Doctors : LHP Juan Rodríguez
Batting: LHB Dave Raines 0-0: Ball
1-0: Ball
2-0: Ball
3-0: Called Strike
3-1: Base on Balls
Batting: RHB Bob Corrigan 0-0: Fly out, F6 (Line Drive, 6)
Batting: LHB Elvin Summers 0-0: Fly out, F9 (Flyball, 89M)
Batting: RHB Bill Bourland 0-0: Ball
1-0: Fielders Choice at 2nd, 6-4 (Groundball, 6)
Top of the 4th over - 0 run(s), 0 hit(s), 0 error(s), 0 left on base; Ontario 2 - San Pablo de las Salinas 1
BOTTOM OF THE 4TH
San Pablo de las Salinas Doctors batting - Pitching for Ontario Emus : RHP Claudio Romero
Batting: RHB John Jones 0-0: Ball
1-0: Foul Ball, location: 2F
1-1: Fly out, F8 (Flyball, 8LM)
Batting: LHB Stéphane Labat 0-0: Called Strike
0-1: Ball
1-1: Called Strike
1-2: Strikes out swinging
Batting: RHB Luis López 0-0: Ground out 6-3 (Groundball, 6)
Bottom of the 4th over - 0 run(s), 0 hit(s), 0 error(s), 0 left on base; Ontario 2 - San Pablo de las Salinas 1
TOP OF THE 5TH
Ontario Emus batting - Pitching for San Pablo de las Salinas Doctors : LHP Juan Rodríguez
Batting: RHB Álex Ochoa 0-0: Called Strike
0-1: Called Strike
0-2: Foul Ball, location: 2F
0-2: Ball
1-2: Fly out, F8 (Flyball, 8LM)
Batting: RHB Júlio Colón 0-0: Ball
1-0: Foul Ball, location: 2F
1-1: Called Strike
1-2: Strikes out swinging
Batting: RHB Pablo Díaz 0-0: Ball
1-0: Ball
2-0: Called Strike
2-1: Foul Ball, location: 2F
2-2: Ball
3-2: Strikes out swinging
Top of the 5th over - 0 run(s), 0 hit(s), 0 error(s), 0 left on base; Ontario 2 - San Pablo de las Salinas 1
BOTTOM OF THE 5TH
San Pablo de las Salinas Doctors batting - Pitching for Ontario Emus : RHP Claudio Romero
Batting: RHB Sandro Hernández 0-0: Swinging Strike
0-1: Called Strike
0-2: Ground out 6-3 (Groundball, 6M)
Batting: LHB Julián Díaz 0-0: Called Strike
0-1: Ball
1-1: Called Strike
1-2: Ball
2-2: Foul Ball, location: 2F
2-2: Ground out 6-3 (Groundball, 6M)
Batting: SHB Jorge Aguilar 0-0: Foul Ball, location: 2F
0-1: Ball
1-1: Foul Ball, location: 2F
1-2: Fly out, F7 (Flyball, 7M)
Bottom of the 5th over - 0 run(s), 0 hit(s), 0 error(s), 0 left on base; Ontario 2 - San Pablo de las Salinas 1
TOP OF THE 6TH
Ontario Emus batting - Pitching for San Pablo de las Salinas Doctors : LHP Juan Rodríguez
Batting: RHB Gustavo Medine 0-0: Foul Ball, location: 2F
0-1: Ball
1-1: Ball
2-1: Called Strike
2-2: Foul Ball, location: 2F
2-2: Strikes out swinging
Batting: RHB Álex Martínez 0-0: Ball
1-0: Ball
2-0: Foul Ball, location: 2F
2-1: Called Strike
2-2: Foul Ball, location: 2F
2-2: Foul Ball, location: 2F
2-2: Ball
3-2: Fly out, F8 (Flyball, 8RM)
Batting: LHB Dave Raines 0-0: Called Strike
0-1: Ball
1-1: Ball
2-1: Ball
3-1: Swinging Strike
3-2: SINGLE (Flyball, 6MD)
Pitching: LHP Rodrigo Álvarez
Batting: RHB Bob Corrigan 0-0: Called Strike
0-1: Ground out 2-3 (Groundball, 2R)
Top of the 6th over - 0 run(s), 1 hit(s), 0 error(s), 1 left on base; Ontario 2 - San Pablo de las Salinas 1
BOTTOM OF THE 6TH
San Pablo de las Salinas Doctors batting - Pitching for Ontario Emus : RHP Claudio Romero
Batting: SHB Jorge Maldonado 0-0: Ball
1-0: Foul Ball, location: 2F
1-1: Swinging Strike
1-2: Ball
2-2: Foul Ball, location: 2F
2-2: Fly out, F7 (Flyball, 7LM)
Batting: SHB José Vélez 0-0: Swinging Strike
0-1: Foul Ball, location: 2F
0-2: Foul Ball, location: 2F
0-2: SINGLE (Groundball, 4MD)
Batting: RHB Luis Samaripa 0-0: Ball
1-0: Called Strike
José Vélez is caught stealing 2nd base
1-1: Reached on error, E6 (Groundball, 6)
Pitching: RHP Héctor Villegas
Batting: RHB John Jones 0-0: Ball
1-0: SINGLE (Flyball, 6MD)
Luis Samaripa to second
Batting: LHB Stéphane Labat 0-0: Swinging Strike
0-1: Ball
1-1: Ball
2-1: Swinging Strike
2-2: Strikes out looking
Bottom of the 6th over - 0 run(s), 2 hit(s), 1 error(s), 2 left on base; Ontario 2 - San Pablo de las Salinas 1
TOP OF THE 7TH
Ontario Emus batting - Pitching for San Pablo de las Salinas Doctors : LHP Rodrigo Álvarez
Batting: LHB Elvin Summers 0-0: Fly out, F7 (Flyball, 7LM)
Batting: RHB Bill Bourland 0-0: Fly out, F9 (Flyball, 89M)
Batting: RHB Álex Ochoa 0-0: Fly out, F7 (Line Drive, 7S)
Top of the 7th over - 0 run(s), 0 hit(s), 0 error(s), 0 left on base; Ontario 2 - San Pablo de las Salinas 1
BOTTOM OF THE 7TH
San Pablo de las Salinas Doctors batting - Pitching for Ontario Emus : RHP Héctor Villegas
Batting: RHB Luis López 0-0: Ball
1-0: Fly out, F3 (Popup, 3F)
Batting: RHB Sandro Hernández 0-0: Ball
1-0: Ground out 6-3 (Groundball, 6)
Pitching: LHP José Reyes
Batting: LHB Julián Díaz 0-0: SINGLE (Groundball, 34D)
Pitching: RHP Ánibal Hernández
Pinch Hitting: LHB Ramón Juárez 0-0: Swinging Strike
0-1: Ball
1-1: Ball
2-1: Foul Ball, location: 2F
2-2: Strikes out swinging
Bottom of the 7th over - 0 run(s), 1 hit(s), 0 error(s), 1 left on base; Ontario 2 - San Pablo de las Salinas 1
TOP OF THE 8TH
Ontario Emus batting - Pitching for San Pablo de las Salinas Doctors : LHP Rodrigo Álvarez
Now in LF: Ramón Juárez
Batting: RHB Júlio Colón 0-0: Ball
1-0: SINGLE (Groundball, 56)
Pinch Runner at 1st Glen Madden:
Batting: RHB Pablo Díaz 0-0: Ball
Glen Madden steals 2nd base
1-0: Ball
2-0: Called Strike
2-1: Reached on error, E5 (Groundball, 5)
Glen Madden to third
Batting: RHB Gustavo Medine 0-0: Ball
1-0: Swinging Strike
1-1: Called Strike
1-2: Grounds into double play, 1-6-3 (Groundball, 13S)
Pinch Hitting: RHB Ánibal Soto 0-0: Called Strike
0-1: Swinging Strike
0-2: Ball
1-2: Ball
2-2: Foul Ball, location: 2F
2-2: Fly out, F4 (Popup, 3DF)
Top of the 8th over - 0 run(s), 1 hit(s), 1 error(s), 1 left on base; Ontario 2 - San Pablo de las Salinas 1
BOTTOM OF THE 8TH
San Pablo de las Salinas Doctors batting - Pitching for Ontario Emus : RHP Ánibal Hernández
Now at 1B: Darrel Lang
Now at 3B: Ánibal Soto
Batting: SHB Jorge Maldonado 0-0: Called Strike
0-1: Foul Ball, location: 2F
0-2: Strikes out looking
Pitching: LHP José Aragón
Batting: SHB José Vélez 0-0: Fly out, F7 (Flyball, 7M)
Batting: RHB Luis Samaripa 0-0: Called Strike
0-1: Foul Ball, location: 2F
0-2: Ball
1-2: Strikes out looking
Bottom of the 8th over - 0 run(s), 0 hit(s), 0 error(s), 0 left on base; Ontario 2 - San Pablo de las Salinas 1
TOP OF THE 9TH
Ontario Emus batting - Pitching for San Pablo de las Salinas Doctors : LHP Rodrigo Álvarez
Batting: LHB Dave Raines 0-0: Swinging Strike
0-1: Swinging Strike
0-2: Ball
1-2: Foul Ball, location: 2F
1-2: Ball
2-2: Strikes out looking
Batting: RHB Bob Corrigan 0-0: Ball
1-0: Ball
2-0: Foul Ball, location: 2F
2-1: Foul Ball, location: 2F
2-2: Fly out, F9 (Flyball, 9M)
Batting: LHB Elvin Summers 0-0: Called Strike
0-1: Foul Ball, location: 2F
0-2: Ball
1-2: Ball
2-2: Strikes out looking
Top of the 9th over - 0 run(s), 0 hit(s), 0 error(s), 0 left on base; Ontario 2 - San Pablo de las Salinas 1
BOTTOM OF THE 9TH
San Pablo de las Salinas Doctors batting - Pitching for Ontario Emus : LHP José Aragón
Pitching: LHP Walt MacKey
Batting: RHB John Jones 0-0: Fly out, F7 (Flyball, 7LMF)
Pinch Hitting: RHB Francisco Varela 0-0: Ball
1-0: Fly out, F5 (Line Drive, 5L)
Batting: RHB Luis López 0-0: Ball
1-0: Ball
2-0: Foul Ball, location: 2F
2-1: Fly out, F8 (Flyball, 8LXD)
Bottom of the 9th over - 0 run(s), 0 hit(s), 0 error(s), 0 left on base; Ontario 2 - San Pablo de las Salinas 1
Monday, December 5th, 2016 - OOTP Baseball 17.12 Build 75